 Dungeon Crawl Stone Soup version 0.20.1-1-g8b1a95d (webtiles) character file.

1162 nightbobicus the Cudgeler (level 8, -1/70 HPs)
             Began as a Hill Orc Fighter on Aug 8, 2017.
             Was a Follower of Beogh.
             Slain by Grinder (4 damage)
             ... while paralysed by Grinder
             ... on level 5 of the Dungeon.
             The game lasted 00:17:29 (4970 turns).

nightbobicus the Cudgeler (Hill Orc Fighter)        Turns: 4970, Time: 00:17:30

Health: -1/70      AC: 11    Str: 21    XL:     8   Next: 40%
Magic:  8/8        EV:  2    Int:  8    God:    Beogh [*.....]
Gold:   91         SH:  0    Dex: 15    Spells: 7/7 levels left

rFire    . . .     SeeInvis .   a - +1 flail
rCold    . . .     Gourm    .   c - +1 shield
rNeg     . . .     Faith    .   b - +0 scale mail
rPois    .         Spirit   .   (no helmet)
rElec    .         Reflect  .   (no cloak)
rCorr    .         Harm     .   (no gloves)
MR       .....                  o - +0 pair of boots
Stlth    ..........             (no amulet)
Regen    0.3/turn               m - +5 ring of dexterity
MPRegen  0.2/turn               i - +3 ring of protection

@: paralysed
A: no striking features
a: Renounce Religion


You were on level 5 of the Dungeon.
You worshipped Beogh.
Beogh was aware of your devotion.
You were not hungry.

You visited 1 branch of the dungeon, and saw 7 of its levels.
You also visited: Ossuary.

You collected 221 gold pieces.
You spent 130 gold pieces at shops.

Inventory:

Hand Weapons
 a - a +1 flail (weapon)
Armour
 b - a +0 scale mail (worn)
 c - a +1 shield (worn)
 f - a -1 ring mail
 o - a +0 pair of boots (worn)
Jewellery
 d - an uncursed ring of resist corrosion {unknown}
 i - a +3 ring of protection (right hand)
 k - an uncursed ring of protection from cold
 m - a +5 ring of dexterity (left hand)
Scrolls
 r - a scroll of enchant armour
Potions
 e - a potion of lignification
 g - 2 potions of magic
 h - a potion of curing
 l - a potion of agility {unknown}
 p - a potion of cancellation {unknown}
 t - a potion of invisibility {unknown}
Comestibles
 j - 4 fruits
 n - a chunk of flesh
 q - 2 royal jellies


   Skills:
 + Level 5.9 Fighting
 * Level 6.4 Maces & Flails
 - Level 2.2 Throwing
 * Level 5.5 Armour
 - Level 0.5 Dodging
 - Level 0.5 Stealth
 + Level 5.9 Shields


You had 7 spell levels left.
You didn't know any spells.

Dungeon Overview and Level Annotations

Branches:
Dungeon (7/15)
 Temple: D:4-7

Altars:
Cheibriados
Nemelex Xobeh
Uskayaw
Yredelemnul

Shops:
D:4 *   D:5 %

Annotations:
D:5 Grinder


Message History

You closely miss the crimson imp.
The crimson imp is moderately wounded.
You block the crimson imp's attack.
Your shield prevents you from hitting Grinder.
You closely miss Grinder. Grinder gestures at you.
You suddenly lose the ability to move!
Grinder hits you. x2
* * * LOW HITPOINT WARNING * * *
You writhe in agony.
* * * LOW HITPOINT WARNING * * *
Grinder hits you!
* * * LOW HITPOINT WARNING * * *
You writhe in agony.
* * * LOW HITPOINT WARNING * * *
Grinder hits you but does no damage. Grinder hits you.
* * * LOW HITPOINT WARNING * * *
You writhe in agony.
You die...

# ####### .##. #.....#
..... #.....#######...##
#..........@55...#
######.....#######......
.....#.....# ...#.
.###.###.######## .## .#
#.###........# .# .#
#.........##.####.#
.###..##.....##.....+##
......##.##..##.∩.#...##
.####........##........##


You could see Grinder and a crimson imp.

Vanquished Creatures
  2 sky beasts (D:5)
  An ogre (D:4)
  A centaur (D:5)
  2 water moccasin zombies (Ossuary)
  A scorpion (D:4)
  3 howler monkeys
  2 hounds
  2 orc priests
  A centaur skeleton (D:5)
  Jessica (D:3)
  2 iguanas
  3 worker ants
  4 big kobold zombies (Ossuary)
  2 mummies (Ossuary)
  4 gnolls (D:2)
  5 adders
  2 oozes
  5 adder zombies (Ossuary)
  A worm (D:4)
  4 dart slugs (D:1)
  3 leopard geckos
  4 orcs
  5 giant cockroaches
  8 goblins
  6 hobgoblins
  5 jackals
  8 bats
  2 frilled lizards
  3 gnoll zombies (Ossuary)
  3 hobgoblin zombies (Ossuary)
  5 kobolds
  2 kobold zombies (Ossuary)
  8 orc zombies (Ossuary)
  A quokka zombie (D:4)
  5 rats
  A rat zombie (D:4)
117 creatures vanquished.

Vanquished Creatures (others)
  An orc (D:5)
1 creature vanquished.

Grand Total: 118 creatures vanquished

Notes
Turn   | Place    | Note
-------+----------+-------------------------------------------
     0 | D:1      | nightbobicus the Hill Orc Fighter began the quest for the Orb.
     0 | D:1      | Reached XP level 1. HP: 19/19 MP: 1/1
   100 | D:1      | Reached XP level 2. HP: 27/27 MP: 2/2
   457 | D:1      | Reached XP level 3. HP: 33/33 MP: 3/3
   914 | D:2      | Reached XP level 4. HP: 39/40 MP: 4/4
  1055 | D:2      | You fall through a shaft!
  1419 | D:2      | Reached skill level 3 in Maces & Flails
  1843 | D:3      | Reached XP level 5. HP: 46/46 MP: 5/5
  1935 | D:3      | Noticed Jessica
  1956 | D:3      | Killed Jessica
  2149 | D:4      | Found a basalt altar of Yredelemnul.
  2152 | D:4      | Found a hide-covered altar of Uskayaw.
  2155 | D:4      | Found a snail-covered altar of Cheibriados.
  2201 | D:4      | Found Adom's General Store.
  2215 | D:4      | Noticed an ogre
  2221 | D:4      | Bought a potion of haste for 130 gold pieces
  2634 | D:4      | Killed an ogre
  2634 | D:4      | Reached skill level 4 in Maces & Flails
  2634 | D:4      | Reached XP level 6. HP: 47/53 MP: 6/6
  2653 | D:4      | Found a sand-covered staircase.
  2661 | Ossuary  | Entered an ossuary
  2698 | Ossuary  | Reached skill level 1 in Throwing
  2698 | Ossuary  | Reached skill level 5 in Shields
  2909 | Ossuary  | Reached XP level 7. HP: 59/60 MP: 7/7
  3230 | D:4      | You fall through a shaft for 3 floors!
  3267 | D:7      | Reached skill level 5 in Fighting
  3267 | D:7      | Reached skill level 5 in Maces & Flails
  3272 | D:7      | Noticed a hippogriff
  3454 | D:5      | Entered Level 5 of the Dungeon
  3454 | D:5      | Found a sparkling altar of Nemelex Xobeh.
  3455 | D:5      | Became a worshipper of Beogh the Brigand
  3613 | D:5      | HP: 3/61 [orc priest/divine providence (14)]
  3618 | D:5      | HP: 3/61 [scorpion (1)]
  3942 | D:4      | Reached XP level 8. HP: 34/68 MP: 8/8
  4522 | D:5      | Reached skill level 6 in Maces & Flails
  4522 | D:5      | Reached skill level 5 in Armour
  4795 | D:5      | Found Seqo's Food Shop.
  4929 | D:5      | Noticed Grinder
  4957 | D:5      | Reached * piety under Beogh
  4965 | D:5      | Paralysed by Grinder for 6 turns
  4968 | D:5      | HP: 3/70 [Grinder (6)]
  4970 | D:5      | Slain by Grinder

Skill      XL: |  1  2  3  4  5  6  7  8 |
---------------+-------------------------+-----
Shields        | 4 5 |  5.9
Fighting       | 4 5 |  5.9
Armour         | 4 5 |  5.5
Maces & Flails | 3 4 5 6 |  6.4
Throwing       | 1 2 |  2.2
Dodging        | |  0.5
Stealth        | |  0.5

Action                   |  1- 3 |  4- 6 |  7- 9 || total
-------------------------+-------+-------+-------++-------
Melee: Flail             |   113 |   204 |   234 ||   551
Invok: Convert to Beogh  |       |       |     1 ||     1
  Use: Scroll            |       |     5 |    13 ||    18
       Potion            |       |     1 |     6 ||     7
  Eat: Bread ration      |       |     2 |       ||     2
       Chunk             |       |     1 |     3 ||     4
       Fruit             |       |       |     1 ||     1
Armor: Scale mail        |    66 |    73 |   104 ||   243
Dodge: Dodged            |    51 |    60 |    62 ||   173
Block: Shield            |    77 |   116 |   149 ||   342
